 Dungeon Sprint DCSS version 0.17.0-24-gcfadda4 (webtiles) character file.

142 Kidiri the Sneak (level 5, -8/26 HPs)
             Began as a Spriggan Enchanter on Nov 16, 2015.
             Mangled by a shadow (14 damage)
             ... in the Dungeon (Sprint III: "The Ten Rune Challenge").
             The game lasted 00:02:48 (746 turns).

Kidiri the Sneak (Spriggan Enchanter)                Turns: 746, Time: 00:02:48

Health: -8/26      AC:  3    Str:  6    XL:     5   Next: 3%
Magic:  1/14       EV: 22    Int: 16    God:
Gold:   33         SH:  0    Dex: 18    Spells: 5 memorised, 3 levels left

rFire  . . .     SeeInvis +     a - +1 dagger
rCold  . . .     Clarity  .     b - +1 robe
rNeg   . . .     SustAt   .     (shield restricted)
rPois  .         Gourm    .     (helmet restricted)
rElec  .         Spirit   .     (no cloak)
rCorr  .         Warding  .     (gloves unavailable)
rMut   .         NoTele   +     (boots unavailable)
MR     .....                    (no amulet)
Stlth  ++++......               (no ring)
                                (no ring)

@: very slightly contaminated, very quick, not resistant to hostile
enchantments, stealthy
A: unfitting armour, horns 1, see invisible, breathe flames 1, herbivore 3,
speed 3, slow metabolism 2, strong 1
a: Breathe Fire


You were in the Dungeon.
You were not hungry.

You visited 1 branch You collected 33 gold pieces.

Inventory:

Hand Weapons
 a - a +1 dagger (weapon)
Armour
 b - a +1 robe (worn)
Scrolls
 j - 2 scrolls of blinking
 k - a scroll of torment
 l - a scroll of magic mapping
 p - a scroll of identify {unknown}
Potions
 f - a potion of heal wounds
 g - a potion of haste
 h - 2 potions of magic
 n - 3 potions of cure mutation
 o - a potion of curing
 r - a potion of flight {unknown}
Books
 c - a book of Maledictions

   Spells                             Type                      Level
   a - Corona                         Hexes                        1
   b - Ensorcelled Hibernation        Hexes/Ice                    2
   c - Confuse                        Hexes                        3
   d - Tukima's Dance                 Hexes                        3
   e - Dazzling Spray                 Conjuration/Hexes            3
Comestibles
 d - a bread ration
 m - a royal jelly
 q - 2 fruits


   Skills:
 + Level 1.9 Fighting
 * Level 4.3 Short Blades
 + Level 1.7 Armour
 * Level 6.4 Dodging
 * Level 7.8 Stealth
 * Level 5.7 Spellcasting
 + Level 1.2 Conjurations
 + Level 5.0 Hexes
 + Level 1.7 Ice Magic


You had 3 spell levels left.
You knew the following spells:

 Your Spells              Type           Power        Failure   Level  Hunger
a - Corona                Hex            ###....      1%          1    None
b - Ensorcelled Hibernat  Hex/Ice        ###...       8%          2    #......
c - Confuse               Hex            ###.....     8%          3    ##.....
d - Dazzling Spray        Conj/Hex       ##......     12%         3    ##.....
e - Tukima's Dance        Hex            ###.....     8%          3    ##.....


Dungeon Overview and Level Annotations

Branches:
Dungeon (1/1)

Altars:


Innate Abilities, Weirdness & Mutations

You are tiny and cannot use many weapons and most armour.
You have supernaturally acute eyesight.
You are a herbivore.
You cover ground extremely quickly.
You need consume almost no food.
You have a pair of small horns on your head.
You can breathe flames.
Your muscles are strong. (Str +2)


Message History

You headbutt the shadow, but do no damage.
The shadow is lightly damaged.
The shadow hits you.
* * * LOW HITPOINT WARNING * * *
You hit the shadow. Your headbutt misses the shadow.
The shadow is lightly damaged.
The shadow misses you.
You hit the shadow but do no damage.
The shadow is lightly damaged.
You hit the shadow but do no damage.
The shadow is lightly damaged.
The shadow misses you.
You hit the shadow.
The shadow is lightly damaged.
The shadow barely misses you.
You barely miss the shadow. Your headbutt misses the shadow.
The shadow is lightly damaged.
The shadow hits you!
Ouch! That really hurt!
You die...

▓▓▓▓▓ ▓▓▓ *** ** #...####
##.#*************,***,
#......#####..#___*__,*__*,,,,,,,
#.......#..#..#,,,*,,,*,_*,,,,,,,
##.##...#..#..###+#+###+##,,,,,,,
##.###..##+#..#..........#,,,,,,,
###.##..###...'.@W.......#,**,**,
#..##..####...#...######'#,***,,,
...##..###....#.⌠.#__#...#+******
..##)..##.....#...#__#...#,,≈≈≈+,
.##....#......#+###__#...#,*≈≈≈*,
###..##.#..)..#,,,*__#..%+,*,,,*,
# #..#####....#___*_,+..J#,*,,,*,
▓*▓▓▓▓***▓▓▓▓▓▓******▓▓▓▓▓*******
,+≈≈≈≈≈≈≈≈≈**,,,,,****≈≈≈,,,,,,,,


You could see a shadow.

Vanquished Creatures
  A water elemental (D)
  Crazy Yiuf (D)
  Jessica (D)
  A human (D)
  2 oozes (D)
  A rat (D)
7 creatures vanquished.

Vanquished Creatures (others)
  2 draconian scorchers (D)
  2 yaktaurs (D)
  A plant (D)
5 creatures vanquished.

Grand Total: 12 creatures vanquished

Notes
Turn   | Place    | Note
--------------------------------------------------------------
     0 | D        | Kidiri the Spriggan Enchanter began the quest for the Orb.
     0 | D        | Reached XP level 1. HP: 9/9 MP: 5/5
    33 | D        | Reached skill level 5 in Stealth
    33 | D        | Reached XP level 2. HP: 7/14 MP: 7/7
    37 | D        | Learned a level 2 spell: Ensorcelled Hibernation
   159 | D        | Killed a white draconian scorcher
   212 | D        | Killed a white draconian scorcher
   276 | D        | Noticed Jessica
   282 | D        | Killed Jessica
   282 | D        | Reached skill level 1 in Fighting
   282 | D        | Reached skill level 1 in Armour
   282 | D        | Reached skill level 6 in Stealth
   282 | D        | Reached XP level 3. HP: 18/18 MP: 5/9
   282 | D        | Killed a yaktaur
   322 | D        | Learned a level 3 spell: Confuse
   326 | D        | Learned a level 3 spell: Dazzling Spray
   350 | D        | Killed a yaktaur
   367 | D        | Noticed Crazy Yiuf
   370 | D        | Killed Crazy Yiuf
   370 | D        | Reached skill level 5 in Dodging
   370 | D        | Reached skill level 1 in Ice Magic
   374 | D        | Reached skill level 7 in Stealth
   374 | D        | Reached skill level 5 in Spellcasting
   374 | D        | Reached XP level 4. HP: 22/22 MP: 10/12
   380 | D        | Learned a level 3 spell: Tukima's Dance
   454 | D        | Gained mutation: You have a pair of small horns on your head. [potion of mutation]
   454 | D        | Gained mutation: Your muscles are strong. (Str +2) [potion of mutation]
   455 | D        | Gained mutation: You can breathe flames. [potion of mutation]
   592 | D        | Noticed a water elemental
   612 | D        | Killed a water elemental
   612 | D        | Reached skill level 1 in Conjurations
   612 | D        | Reached skill level 5 in Hexes
   612 | D        | Reached XP level 5. HP: 26/26 MP: 1/14
   708 | D        | Noticed a jelly
   709 | D        | Noticed a shadow
   746 | D        | Mangled by a shadow

Action                   |  1- 3 |  4- 6 || total
-------------------------+-------+-------++-------
Melee: Dagger            |    23 |    19 ||    42
 Cast: Ensorcelled Hiber |     2 |       ||     2
       Tukima's Dance    |       |    11 ||    11
  Use: Potion            |     1 |     4 ||     5
       Scroll            |       |     2 ||     2
 Stab: Sleeping          |     4 |       ||     4
